[gd_scene load_steps=8 format=2]

[ext_resource path="res://Background/layer_3.png" type="Texture" id=1]
[ext_resource path="res://Background/layer_1.png" type="Texture" id=2]
[ext_resource path="res://Background/sky.png" type="Texture" id=3]
[ext_resource path="res://Background/layer_4.png" type="Texture" id=4]
[ext_resource path="res://Background/layer_2.png" type="Texture" id=5]
[ext_resource path="res://Background/layer_5.png" type="Texture" id=6]

[sub_resource type="RectangleShape2D" id=1]
extents = Vector2( 514.25, 16.5 )

[node name="Background" type="ParallaxBackground"]
follow_viewport_scale = 18.403

[node name="StaticBody2D" type="StaticBody2D" parent="."]
position = Vector2( 147, 453 )
collision_layer = 16
collision_mask = 15

[node name="CollisionShape2D" type="CollisionShape2D" parent="StaticBody2D"]
position = Vector2( 22, 129 )
scale = Vector2( 100, 1 )
shape = SubResource( 1 )

[node name="ParallaxLayer" type="ParallaxLayer" parent="."]
motion_scale = Vector2( 0.1, 1 )
motion_mirroring = Vector2( 1024, 0 )

[node name="Sprite" type="Sprite" parent="ParallaxLayer"]
texture = ExtResource( 3 )
centered = false
region_enabled = true
region_rect = Rect2( 0, 0, 1024, 600 )

[node name="ParallaxLayer2" type="ParallaxLayer" parent="."]
motion_scale = Vector2( 0.5, 1 )
motion_mirroring = Vector2( 1024, 0 )

[node name="Sprite" type="Sprite" parent="ParallaxLayer2"]
texture = ExtResource( 6 )
centered = false
region_enabled = true
region_rect = Rect2( 0, 0, 1024, 600 )

[node name="ParallaxLayer3" type="ParallaxLayer" parent="."]
motion_scale = Vector2( 0.6, 1 )
motion_mirroring = Vector2( 1024, 0 )

[node name="Sprite" type="Sprite" parent="ParallaxLayer3"]
texture = ExtResource( 4 )
centered = false
region_enabled = true
region_rect = Rect2( 0, 0, 1024, 600 )

[node name="ParallaxLayer4" type="ParallaxLayer" parent="."]
motion_scale = Vector2( 0.7, 1 )
motion_mirroring = Vector2( 1024, 0 )

[node name="Sprite" type="Sprite" parent="ParallaxLayer4"]
texture = ExtResource( 1 )
centered = false
region_enabled = true
region_rect = Rect2( 0, 0, 1024, 600 )

[node name="ParallaxLayer5" type="ParallaxLayer" parent="."]
motion_scale = Vector2( 0.8, 1 )
motion_mirroring = Vector2( 1024, 0 )

[node name="Sprite" type="Sprite" parent="ParallaxLayer5"]
texture = ExtResource( 5 )
centered = false
region_enabled = true
region_rect = Rect2( 0, 0, 1024, 600 )

[node name="ParallaxLayer6" type="ParallaxLayer" parent="."]
motion_mirroring = Vector2( 1024, 0 )

[node name="Sprite" type="Sprite" parent="ParallaxLayer6"]
texture = ExtResource( 2 )
centered = false
region_enabled = true
region_rect = Rect2( 0, 0, 1024, 600 )
